 Dungeon Crawl Stone Soup version 0.26-b1-32-g5d43845318 (webtiles) character file.

Game seed: 2079965404958356965

8 sentinel the Conjurer (level 2, 19/22 HPs)
             Began as a Demonspawn Conjurer on Jan 10, 2021.
             Quit the game on level 1 of the Dungeon.
             The game lasted 00:00:24 (367 turns).

sentinel the Conjurer (Demonspawn Conjurer)          Turns: 367, Time: 00:00:24

Health: 19/22      AC:  6    Str:  7    XL:     2   Next: 0%
Magic:  0/5        EV: 16    Int: 19    God:
Gold:   10         SH:  0    Dex: 11    Spells: 4/5 levels left

rFire    . . .     SeeInvis .   h - +0 spear
rCold    . . .     Faith    .   (no shield)
rNeg     . . .     Spirit   .   a - +0 robe
rPois    .         Reflect  .   (no helmet)
rElec    .         Harm     .   (no cloak)
rCorr    .         Rampage  .   (no gloves)
Will     .....                  (no boots)
Stlth    ++........             (no amulet)
HPRegen  0.07/turn              p - +4 ring of protection
MPRegen  0.09/turn              v - +4 ring of evasion

@: no status effects
A: miasma immunity
a: no special abilities


You were on level 1 of the Dungeon.
You visited 1 branch of the dungeon, and saw 1 of its levels.

You collected 10 gold pieces.

Inventory:

Hand Weapons
 h - a +0 spear (weapon)
Missiles
 b - 8 curare-tipped darts
Armour
 a - a +0 robe (worn)
Jewellery
 p - a +4 ring of protection (left hand)
 v - a +4 ring of evasion (right hand)
Scrolls
 c - a scroll of fog {unknown}
 d - a scroll of magic mapping {unknown}
 e - a scroll of blinking {unknown}
 g - a scroll of teleportation {unknown}
 i - a scroll of remove curse {unknown}
 j - a scroll of enchant weapon {unknown}
Potions
 f - a potion of magic {unknown}


   Skills:
 + Level 1.6 Fighting
 - Level 1.7 Dodging
 - Level 1.7 Stealth
 - Level 2.0 Spellcasting
 - Level 4.0 Conjurations


You had 4 spell levels left.
You knew the following spells:

 Your Spells              Type           Power        Failure   Level
a - Magic Dart            Conj           68%          3%          1

Your spell library contained the following spells:

 Spells                   Type           Power        Failure   Level
 Searing Ray              Conj           34%          4%          2
 Dazzling Flash           Conj/Hex       18%          22%         3
 Fulminant Prism          Conj/Hex       4%           58%         4
 Iskenderun's Mystic Bla  Conj/Tloc      9%           58%         4


Dungeon Overview and Level Annotations

Branches:
Dungeon (1/15)

Altars:


Innate Abilities, Weirdness & Mutations

You are immune to miasma.


Message History

Options error: Bad channel -- pray (~/.crawlrc:3650) Options error: Bad channel -- food (~/.crawlrc:3653) Options error: Bad channel -- rotten_meat (~/.crawlrc:3670) Welcome, sentinel the Demonspawn Conjurer.
Will you be the one to retrieve the fabulous Orb of Zot from the depths?
Found a scale mail.
Found a staircase leading out of the dungeon.
You see here a scale mail.
b - 8 curare-tipped darts
Found 11 stones.
Found a robe.
c - a scroll labelled KEUZEM DYATWU A goblin comes into view.
The goblin shouts!
But you're not safe!
The magic dart hits the goblin.
You kill the goblin!
You can't see any susceptible monsters within range! (Use Z to cast anyway.)
You can't see any susceptible monsters within range! (Use Z to cast anyway.)
You enter the shallow water.
Moving in this stuff is going to be slow.
You enter the shallow water.
Moving in this stuff is going to be slow.
You open the door.
There is an open door here.
You enter the shallow water.
Moving in this stuff is going to be slow.
d - a scroll labelled QAMNEOL TISSO A frilled lizard comes into view.
But you're not safe! But you're not safe!
The magic dart hits the frilled lizard.
The magic dart hits the frilled lizard.
You kill the frilled lizard!
You can't see any susceptible monsters within range! (Use Z to cast anyway.)
You see here a frilled lizard corpse.
A ball python comes into view.
But you're not safe! But you're not safe! But you're not safe!
The magic dart hits the ball python.
You kill the ball python!
You can't see any susceptible monsters within range! (Use Z to cast anyway.)
You can't see any susceptible monsters within range! (Use Z to cast anyway.)
A kobold comes into view. It is wielding a +0 club.
Found a bubbling white potion.
But you're not safe! But you're not safe!
The magic dart hits the kobold.
You kill the kobold!
Your Fighting skill increases to level 1!
You can't see any susceptible monsters within range! (Use Z to cast anyway.)
You can't see any susceptible monsters within range! (Use Z to cast anyway.)
e - a scroll labelled IBRANY XAUHANET You see here a ball python corpse.
f - a bubbling white potion
Things that are here:
a +0 club; a kobold corpse You see here a ball python corpse.
Found a stone staircase leading down.
Found a spear.
Found a hand axe.
g - an onyx ring You can't see any susceptible monsters within range! (Use Z to cast anyway.)
You can't see any susceptible monsters within range! (Use Z to cast anyway.)
You can't see any susceptible monsters within range! (Use Z to cast anyway.)
Found a silver ring.
You see here a spear.
h - a spear
h - a +0 spear (weapon)
Found a dagger.
i - a silver ring
g - a +4 ring of protection (left hand)
p - a +4 ring of protection (left hand)
i - a +4 ring of evasion (right hand);
v - a +4 ring of evasion (right hand)
There is a stone staircase leading down here.
A kobold comes into view. It is wielding a +0 club.
But you're not safe! But you're not safe! But you're not safe!
The magic dart hits the kobold but does no damage.
The kobold shouts!
The kobold throws a stone.
The stone barely misses you.
The magic dart hits the kobold.
The kobold throws a stone.
The stone hits you but does no damage.
The magic dart hits the kobold.
You kill the kobold!
You don't have enough magic to cast that spell.
You don't have enough magic to cast that spell.
Things that are here:
a +0 club; 2 stones; a kobold corpse You see here 2 stones.
You open the door.
There is an open door here.
You see here a robe.
Found a short sword.
Found an escape hatch in the floor.
Found a stone staircase leading down.
You now have 10 gold pieces.
Found a plate armour.
A leopard gecko comes into view.
The leopard gecko hisses angrily.
The magic dart hits the leopard gecko.
You kill the leopard gecko!
You can't see any susceptible monsters within range! (Use Z to cast anyway.)
You can't see any susceptible monsters within range! (Use Z to cast anyway.)
You can't see any susceptible monsters within range! (Use Z to cast anyway.)
g - a scroll labelled YJUMAE BICU
i - a scroll labelled BYEHIO KUCK
Found a spear and 19 bolts.
Found 29 bolts.
j - a scroll labelled OTUPUUHEUS
Found a hunting sling.
A giant cockroach comes into view.
Found 13 gold pieces.
But you're not safe! But you're not safe! But you're not safe!
But you're not safe!
The magic dart hits the giant cockroach.
The magic dart hits the giant cockroach.
The magic dart hits the giant cockroach but does no damage.
You don't have enough magic to cast that spell.
You don't have enough magic to cast that spell.
But you're not safe!
You reach to attack!
You hit the giant cockroach but do no damage.
You barely miss the giant cockroach. The giant cockroach barely misses you.
The giant cockroach bites you.
You barely miss the giant cockroach. The giant cockroach bites you.
You hit the giant cockroach.
You kill the giant cockroach!
You have reached level 2!
Your demonic ancestry asserts itself...
You feel immune to miasma.

#...$... #......
##..... #.....
#.).. . #... ..
##### #..# .# #....
#.@# .#.#.. ##...
#..####.#.#.#.#....
#.......#.....##..#
#.###...(.....####.
#.# #.......)(## ##
#.# #..........#
#.# #..........###
#.# #.......#..#..#
#.# #.......#..##..


There were no monsters in sight!

Vanquished Creatures
  A leopard gecko (D:1)
  A giant cockroach (D:1)
  A goblin (D:1)
  A ball python (D:1)
  A frilled lizard (D:1)
  2 kobolds (D:1)
7 creatures vanquished.

Notes
Turn   | Place    | Note
-------+----------+-------------------------------------------
     0 | D:1      | sentinel the Demonspawn Conjurer began the quest for the
                  | Orb.
     0 | D:1      | Reached XP level 1. HP: 13/13 MP: 3/3
   141 | D:1      | Reached skill level 1 in Fighting
   367 | D:1      | Gained mutation: You are immune to miasma. [demonic
                  | ancestry]
   367 | D:1      | Reached XP level 2. HP: 19/22 MP: 0/5
   367 | D:1      | Quit the game

Illustrated notes

Levels and vault maps discovered:
D:1:      lemuel_arrival_tunnels, layout_basic, serial_bayou,
          serial_bayou_pond_c, serial_bayou_crossing, serial_bayou_ford_a,
          serial_bayou_lagoon_a

Skill      XL: |  1 |
---------------+----+-----
Fighting       | 1 |  1.6
Dodging        | |  1.7
Stealth        | |  1.7
Spellcasting   | |  2.0
Conjurations   | |  4.0

Action                   || total
-------------------------++-------
Melee: Spear             ||     4
 Cast: Magic Dart        ||    12
Dodge: Dodged            ||     2
